 Dungeon Crawl Stone Soup version 0.18.1-6-gd335043 (webtiles) character file.

157 Hipnos the Gusty (level 5, -3/33 HPs)
             Began as a Halfling Air Elementalist on May 15, 2016.
             Was a Follower of Ashenzari.
             Killed by divine providence
             ... invoked by an orc priest
              (8 damage)
             ... on level 4 of the Dungeon.
             The game lasted 00:11:28 (2423 turns).

Hipnos the Gusty (Halfling Air Elementalist)        Turns: 2423, Time: 00:11:28

Health: -3/33      AC:  3    Str:  8    XL:     5   Next: 66%
Magic:  0/8        EV: 14    Int: 14    God:    Ashenzari [*.....]
Gold:   145        SH:  0    Dex: 20    Spells: 3 memorised, 3 levels left

rFire  . . .     SeeInvis .     e - +0 dagger
rCold  . . .     Gourm    .     a - +0 robe
rNeg   . . .     Faith    .     (shield restricted)
rPois  .         Spirit   .     (no helmet)
rElec  .         Dismiss  .     (no cloak)
rCorr  .         Reflect  .     f - +0 pair of gloves (curse)
SustAt .         Harm     .     (no boots)
MR     .....                    (no amulet)
Stlth  ++........               (no ring)
                                p - +4 ring of dexterity (curse)

@: very slightly contaminated, heavily drained, not resistant to hostile
enchantments, unstealthy
A: mutation resistance 1
a: Curse Item, Scrying, Renounce Religion


You were on level 4 of the Dungeon.
You worshipped Ashenzari.
Ashenzari was aware of your devotion.
You were hungry.

You visited 1 branch of the dungeon, and saw 4 of its levels.

You collected 145 gold pieces.

Inventory:

Hand Weapons
 e - a +0 dagger (weapon)
Armour
 a - a +0 robe (worn)
 f - a cursed +0 pair of gloves (worn)
Jewellery
 n - an uncursed ring of fire
 p - a cursed +4 ring of dexterity (left hand)
Scrolls
 h - 2 scrolls of remove curse
 i - a scroll of recharging
 l - a scroll of enchant weapon
 m - a scroll of teleportation
Potions
 j - 2 potions of cure mutation
Books
 b - a book of Air

   Spells                             Type                      Level
   a - Shock                          Conjuration/Air              1
   b - Swiftness                      Charms/Air                   2
   c - Repel Missiles                 Charms/Air                   2
   d - Static Discharge               Conjuration/Air              3
   e - Lightning Bolt                 Conjuration/Air              5
Comestibles
 c - 3 bread rations
 d - 6 fruits
 k - 3 meat rations
 q - 2 chunks of flesh


   Skills:
 * Level 1.4(0.0) Fighting
 * Level 1.3(0.0) Short Blades
 * Level 1.5(0.0) Armour
 + Level 2.7(1.1) Dodging
 * Level 3.1(1.5) Stealth
 + Level 2.0(0.5) Spellcasting
 + Level 1.3(0.0) Conjurations
 + Level 0.2(0.0) Charms
 + Level 4.0(2.4) Air Magic


You had 3 spell levels left.
You knew the following spells:

 Your Spells              Type           Power        Failure   Level  Hunger
a - Shock                 Conj/Air       #...         21%         1    ##.....
b - Repel Missiles        Chrm/Air       #.....       30%         2    ###....
c - Swiftness             Chrm/Air       #.......     30%         2    ###....


Dungeon Overview and Level Annotations

Branches:
Dungeon (4/15)
 Temple: D:4-7

Altars:
Ashenzari
Dithmenos
Qazlal

Annotations:
D:4 Eustachio, Grinder


Innate Abilities, Weirdness & Mutations

You are small and have problems with some larger weapons.
You are somewhat resistant to further mutation.


Message History

The orc hits you with a short sword of draining.
* * * LOW HITPOINT WARNING * * *
You feel drained.
* * * LOW HITPOINT WARNING * * *
Drink which item? (? for menu, Esc to quit)
Okay, then.
The orc priest shouts!
You see here an adder skeleton.
The orc misses you.
Casting: Shock
Confirm with . or Enter, or press ? or * to list all spells.
You miscast Repel Missiles.
Ouch! You gave yourself an electric shock.
You are feeling hungry.
The orc hits you with a short sword of draining.
* * * LOW HITPOINT WARNING * * *
You feel drained.
The orc priest calls down the wrath of Beogh upon you.
Beogh smites you!
You die...

#.... #.5..### ##?
###....... ...
h......#.###.#..#.##
..[....+....<......#
......@#.######..####
###....#.............
.........#...@##..
.........#....# #.
.........#...o# #.##
##########....# ..#
###+### ####...o#
#.##......#
.........####..#......#
####....o÷...#.#......
#.....)...#..###.##
............##......#


You could see an orc priest and 2 orcs.

Vanquished Creatures
  An orc wizard (D:4)
  7 adders
  An ooze (D:2)
  4 dart slugs (D:1)
  A giant gecko (D:3)
  2 giant cockroaches (D:3)
  8 goblins
  6 hobgoblins
  8 kobolds
  A ball python (D:2)
  6 bats
  5 giant newts
  8 rats
58 creatures vanquished.

Notes
Turn   | Place    | Note
--------------------------------------------------------------
     0 | D:1      | Hipnos the Halfling Air Elementalist began the quest for the Orb.
     0 | D:1      | Reached XP level 1. HP: 11/11 MP: 3/3
   119 | D:1      | Reached XP level 2. HP: 17/17 MP: 4/4
   498 | D:1      | Reached XP level 3. HP: 15/22 MP: 0/5
   843 | D:1      | Learned a level 2 spell: Repel Missiles
   846 | D:1      | Learned a level 2 spell: Swiftness
   890 | D:2      | Found a faded altar to an unknown god.
   922 | D:2      | Became a worshipper of Ashenzari the Shackled
   922 | D:2      | Reached * piety under Ashenzari
  1020 | D:2      | Reached skill level 1 in Fighting
  1073 | D:2      | Reached skill level 1 in Short Blades
  1073 | D:2      | Reached skill level 4 in Air Magic
  1073 | D:2      | Reached XP level 4. HP: 15/28 MP: 0/6
  1380 | D:3      | Reached skill level 1 in Conjurations
  1480 | D:3      | Reached skill level 1 in Armour
  1640 | D:3      | Reached XP level 5. HP: 30/33 MP: 7/7
  1676 | D:3      | Found a shadowy altar of Dithmenos.
  1824 | D:3      | Found a stormy altar of Qazlal.
  2354 | D:4      | Noticed Grinder
  2354 | D:4      | Noticed Eustachio
  2423 | D:4      | Killed from afar by an orc priest

Skill      XL: |  1  2  3  4  5 |
---------------+----------------+-----
Fighting       | 1 |  1.4
Short Blades   | 1 |  1.3
Air Magic      | 4 |  4.0
Conjurations   | 1 |  1.3
Armour         | 1 |  1.5
Stealth        | 3 |  3.1
Spellcasting   | 2 |  2.0
Dodging        | |  2.7
Charms         | |  0.2

Action                   |  1- 3 |  4- 6 || total
-------------------------+-------+-------++-------
Melee: Dagger            |    66 |    82 ||   148
 Cast: Shock             |    40 |    44 ||    84
       Swiftness         |       |     1 ||     1
Invok: Curse Item        |       |     2 ||     2
  Use: Potion            |     1 |     2 ||     3
       Scroll            |       |     9 ||     9
 Stab: Sleeping          |     2 |     9 ||    11
  Eat: Chunk             |     2 |     5 ||     7
Armor: Robe              |     3 |    19 ||    22
Dodge: Dodged            |    61 |   113 ||   174
